WCHLSIM.com - West Coast Hockey League
html PUBLIC "-//W3C//DTD XHTML 1.0 Transitional//EN" "http://www.w3.org/TR/xhtml1/DTD/xhtml1-transitional.dtd"> WCHL - Game 723 - SEATTLE GRUNGE vs SAN DIEGO THUNDER

SEATTLE GRUNGE vs SAN DIEGO THUNDER

Created - 27 février 2021 at 22:44

Goals
1 2 3 OT1 T
SEATTLE GRUNGE 1 0 0 1 2
SAN DIEGO THUNDER 1 0 0 0 1
Shots
1 2 3 OT1 T
SEATTLE GRUNGE 7 3 6 3 19
SAN DIEGO THUNDER 5 13 17 2 37

1st period

1. SAN DIEGO THUNDER , Nikita Kucherov 28 (Evander Kane 32) at 17:39
2. SEATTLE GRUNGE , Jake Guentzel 16 (Roman Josi 32) at 18:36 (PP)

Penalties :
Charles McAvoy (SDG) for Hooking (Minor) at 5:06, Mark Borowiecki (SDG) for Hooking (Minor) at 7:09, Deryk Engelland (SDG) for Boarding (Minor) at 12:07, Mark Borowiecki (SDG) for Roughing (Minor) at 18:18

2nd period

No Goal

Penalties :
No Penalty

3rd period

No Goal

Penalties :
Connor Murphy (SDG) for Tripping (Minor) at 8:09, Marcus Sorensen (SEA) for Interference (Minor) at 15:11

Overtime #1

3. SEATTLE GRUNGE , Roman Josi 14 (Jake Guentzel 21) at 2:14

Penalties :
No Penalty

Goalie Stats

Semyon Varlamov (SEA), 36 saves from 37 shots - (0,973), W, 18-15-5, 62:15 minutes
Connor Hellebuyck (SDG), 17 saves from 19 shots - (0,895), OTL, 28-8-4, 62:15 minutes

Players Stats for SEATTLE GRUNGE

Player Name              G  A  P  +/- PIM S  H  SB GA TA FO     MP     PP MP  PK MP  
------------------------------------------------------------------------------------
Carl Hagelin             0  0  0   0  0   1  1  0  0  0  0/1    21:48   4:34   1:00 
Chris Tierney            0  0  0   0  0   0  1  0  0  0  10/21  20:48   4:34   0:00 
Damon Severson           0  0  0   0  0   0  1  1  0  0  0/0    23:59   4:49   1:13 
David Savard             0  0  0   0  0   0  0  0  0  0  0/0    22:54   3:25   0:46 
Jake Guentzel            1  1  2   1  0   3  1  0  0  0  2/5    21:51   3:40   0:00 
Jason Spezza             0  0  0  -1  0   1  0  0  0  0  7/12   11:05   0:00   0:46 
Josh Bailey              0  0  0   0  0   3  1  0  0  0  0/1    22:14   4:37   0:13 
Marcus Sorensen          0  0  0   0  2   0  0  0  0  0  0/0     6:39   0:00   0:00 
Matthew Grzelcyk         0  0  0  -1  0   0  1  0  0  0  0/0    14:02   0:49   0:00 
Mike Hoffman             0  0  0   1  0   2  1  0  0  0  0/1    21:48   3:37   0:00 
Morgan Geekie            0  0  0   0  0   0  0  0  0  0  4/9     7:53   0:00   1:13 
Roman Josi               1  1  2   1  0   2  1  2  0  0  0/0    25:14   3:15   0:46 
Slater Koekkoek          0  0  0  -1  0   0  2  1  0  0  0/0    13:13   0:00   0:00 
Travis Sanheim           0  0  0   0  0   1  1  1  0  0  0/0    22:21   4:10   1:13 
Trevor Lewis             0  0  0   0  0   1  0  0  0  0  0/0     6:40   0:00   0:00 
Tyler Seguin             0  0  0   0  0   4  0  0  0  0  13/26  20:52   3:40   0:00 
Vladislav Namestnikov    0  0  0  -1  0   1  0  0  0  0  0/1    11:05   0:00   0:46 
Wayne Simmonds           0  0  0  -1  0   0  0  0  0  0  0/0    10:19   0:00   0:00 

Players Stats for SAN DIEGO THUNDER

Player Name              G  A  P  +/- PIM S  H  SB GA TA FO     MP     PP MP  PK MP  
------------------------------------------------------------------------------------
Charles McAvoy           0  0  0  -1  2   1  1  0  0  0  0/0    25:29   0:58   2:29 
Connor Murphy            0  0  0   0  2   2  3  2  0  0  0/0    25:11   1:01   2:45 
David Perron             0  0  0  -1  0   5  3  0  0  0  0/0    20:10   1:06   1:22 
Deryk Engelland          0  0  0   0  2   0  0  0  0  0  0/0    14:09   0:00   2:39 
Drake Batherson          0  0  0   0  0   0  0  0  0  0  1/7     7:18   0:00   3:44 
Evander Kane             0  1  1   1  0   6  7  1  0  0  0/2    19:07   0:53   0:00 
Haydn Fleury             0  0  0   0  0   0  0  0  0  0  0/0     1:26   0:58   0:28 
Ilya Mikheyev            0  0  0   0  0   2  0  0  0  0  1/1    17:15   1:06   0:00 
Jean-Gabriel Pageau      0  0  0   0  0   3  0  0  0  0  11/19  18:08   1:06   4:30 
Logan Couture            0  0  0   0  0   4  1  0  0  0  7/14   16:09   0:00   0:00 
Marcus Foligno           0  0  0   0  0   1  4  0  0  0  0/0    19:04   0:00   2:58 
Mark Borowiecki          0  0  0   1  4   0  2  0  0  0  0/0    20:09   0:00   2:32 
Mark Scheifele           0  0  0   0  0   3  0  0  0  0  17/25  19:58   0:53   0:00 
Nikita Kucherov          1  0  1   1  0   8  0  0  0  0  1/1    19:07   0:53   0:00 
Rasmus Dahlin            0  0  0   0  0   0  0  0  0  0  0/0    16:53   1:01   4:21 
Robert Fabbri            0  0  0   0  0   1  0  0  0  0  2/5     3:34   0:00   0:00 
Ryan Hartman             0  0  0   0  0   0  0  0  0  0  1/3    16:26   0:00   3:54 
Vladislav Gavrikov       0  0  0   1  0   1  0  0  0  0  0/0    18:53   0:00   1:14 

3 Stars

1 - Semyon Varlamov (SEA)
2 - Roman Josi (SEA)
3 - Jake Guentzel (SEA)

Power Play

SEATTLE GRUNGE - 1 on 5 Attempt(s) - 20,00%
SAN DIEGO THUNDER - 0 on 1 Attempt(s) - 0,00%

Penalty Kill

SEATTLE GRUNGE - 1 on 1 Attempt(s) - 100,00% - Score 0 goal in Penalty Kill
SAN DIEGO THUNDER - 4 on 5 Attempt(s) - 80,00% - Score 0 goal in Penalty Kill

Team Stat

SEATTLE GRUNGE - Hits : 11 - Faceoff Wins : 36 - Blocked Shots : 5 - Penalty Minutes : 2
SAN DIEGO THUNDER - Hits : 21 - Faceoff Wins : 41 - Blocked Shots : 3 - Penalty Minutes : 10

Official

Referees : Pierre Lambert and Mitch Dunning
Linesman : Kyle Larson and Kyle Flemington

Game Notes

No Game Note

Finance

Level 1 -- Attendance: 5132 (81,85%) -- Ticket Income 898 100 $
Level 2 -- Attendance: 3944 (74,14%) -- Ticket Income 473 280 $
Level 3 -- Attendance: 1551 (74,21%) -- Ticket Income 155 100 $
Level 4 -- Attendance: 3517 (81,41%) -- Ticket Income 246 190 $
Luxury Box -- Attendance: 960 (96,00%) -- Ticket Income 278 400 $
Total Attendance: 15104 (79,49%)
Total Ticket Income: 2 051 070 $
Other Expense: 20 511 $
Total Income: 2 030 559 $

SEATTLE GRUNGE

5 vs 5 Forward 
   Center                   Left Wing                Right Wing               Time % Phy DF OF 
 1 Tyler Seguin             Jake Guentzel            Mike Hoffman             37     1   2  2  
 2 Chris Tierney            Josh Bailey              Carl Hagelin             37     1   2  2  
 3 Jason Spezza             Wayne Simmonds           Vladislav Namestnikov    21     1   2  2  
 4 Morgan Geekie            Trevor Lewis             Marcus Sorensen          5      0   3  2  

5 vs 5 Defense 
   Defense                  Defense                                           Time % Phy DF OF 
 1 Roman Josi               David Savard                                      40     1   2  2  
 2 Damon Severson           Travis Sanheim                                    39     1   2  2  
 3 Matthew Grzelcyk         Slater Koekkoek                                   21     1   2  2  
 4 Roman Josi               Damon Severson                                    0      1   2  2  

PowerPlay Forward 
   Center                   Left Wing                Right Wing               Time % Phy DF OF 
 1 Tyler Seguin             Mike Hoffman             Jake Guentzel            50     1   1  3  
 2 Chris Tierney            Josh Bailey              Carl Hagelin             50     1   1  3  

PowerPlay Defense
   Defense                  Defense                                           Time % Phy DF OF 
 1 Roman Josi               Damon Severson                                    55     0   2  3  
 2 David Savard             Travis Sanheim                                    45     0   2  3  

Penalty Kill 4 Players Forward 
   Center                   Wing                     Time % Phy DF OF 
 1 Morgan Geekie            Carl Hagelin             55     1   4  0  
 2 Jason Spezza             Vladislav Namestnikov    45     1   4  0  

Penalty Kill 4 Players Defense
   Defense                  Defense                  Time % Phy DF OF 
 1 Roman Josi               David Savard             55     1   3  1  
 2 Damon Severson           Travis Sanheim           45     1   3  1  

Penalty Kill - 3 Players Forward 
   Forward                                           Time % Phy DF OF 
 1 Chris Tierney                                     55     0   5  0  
 2 Morgan Geekie                                     45     0   5  0  

Penalty Kill - 3 Players Defense
   Defense                  Defense                  Time % Phy DF OF 
 1 Roman Josi               Damon Severson           55     1   4  0  
 2 David Savard             Travis Sanheim           45     1   4  0  

4 vs 4 Forward 
   Center                   Wing                     Time % Phy DF OF 
 1 Tyler Seguin             Jake Guentzel            55     1   2  2  
 2 Chris Tierney            Josh Bailey              45     1   2  2  

4 vs 4 Defense
   Defense                  Defense                  Time % Phy DF OF 
 1 Roman Josi               David Savard             55     1   2  2  
 2 Damon Severson           Travis Sanheim           45     1   2  2  

Last Minutes Offensive
   Center                   Left Wing                Right Wing               Defense                  Defense                  
   Tyler Seguin             Jake Guentzel            Mike Hoffman             Roman Josi               Damon Severson           

Last Minutes Defensive
   Center                   Left Wing                Right Wing               Defense                  Defense                  
   Chris Tierney            Carl Hagelin             Jake Guentzel            Roman Josi               Damon Severson           

Goaltenders
Starting : Semyon Varlamov          
Backup : Jimmy Howard             

Extra Forwards
Normal : Tyler Seguin, Jake Guentzel, Mike Hoffman - PP : Tyler Seguin, Jake Guentzel - PK : Carl Hagelin
Extra Defensemen
Normal : Matthew Grzelcyk, Slater Koekkoek, Damon Severson - PP : Matthew Grzelcyk - PK : Slater Koekkoek, Damon Severson
Penalty Shots
Jake Guentzel, Mike Hoffman, Josh Bailey, Chris Tierney, Tyler Seguin
Custom OT Lines Forwards
Mike Hoffman, Jake Guentzel, Josh Bailey, Tyler Seguin, Vladislav Namestnikov, Chris Tierney, Morgan Geekie, Wayne Simmonds, Carl Hagelin, Jason Spezza
Custom OT Lines Defensemen
Roman Josi, David Savard, Damon Severson, Travis Sanheim, Matthew Grzelcyk

Scratches
Brian Boyle (Sprained Right Ankle Injury), Justin Schultz (Healthy), Ryan Reaves (Healthy)

SAN DIEGO THUNDER

5 vs 5 Forward 
   Center                   Left Wing                Right Wing               Time % Phy DF OF 
 1 Mark Scheifele           Evander Kane             Nikita Kucherov          35     0   2  3  
 2 Logan Couture            David Perron             Ilya Mikheyev            33     0   2  3  
 3 Jean-Gabriel Pageau      Marcus Foligno           Ryan Hartman             26     0   3  2  
 4 Robert Fabbri            Marcus Foligno           Drake Batherson          6      0   4  1  

5 vs 5 Defense 
   Defense                  Defense                                           Time % Phy DF OF 
 1 Connor Murphy            Charles McAvoy                                    36     0   4  1  
 2 Mark Borowiecki          Vladislav Gavrikov                                31     0   4  1  
 3 Deryk Engelland          Rasmus Dahlin                                     18     0   4  1  
 4 Connor Murphy            Charles McAvoy                                    15     0   2  3  

PowerPlay Forward 
   Center                   Left Wing                Right Wing               Time % Phy DF OF 
 1 Mark Scheifele           Evander Kane             Nikita Kucherov          55     0   0  5  
 2 Jean-Gabriel Pageau      David Perron             Ilya Mikheyev            45     0   0  5  

PowerPlay Defense
   Defense                  Defense                                           Time % Phy DF OF 
 1 Rasmus Dahlin            Connor Murphy                                     55     0   0  5  
 2 Charles McAvoy           Haydn Fleury                                      45     0   0  5  

Penalty Kill 4 Players Forward 
   Center                   Wing                     Time % Phy DF OF 
 1 Jean-Gabriel Pageau      Ryan Hartman             55     0   4  1  
 2 Drake Batherson          Marcus Foligno           45     0   4  1  

Penalty Kill 4 Players Defense
   Defense                  Defense                  Time % Phy DF OF 
 1 Mark Borowiecki          Connor Murphy            55     0   4  1  
 2 Deryk Engelland          Charles McAvoy           45     0   4  1  

Penalty Kill - 3 Players Forward 
   Forward                                           Time % Phy DF OF 
 1 Ryan Hartman                                      55     0   4  1  
 2 Jean-Gabriel Pageau                               45     0   4  1  

Penalty Kill - 3 Players Defense
   Defense                  Defense                  Time % Phy DF OF 
 1 Charles McAvoy           Connor Murphy            55     0   4  1  
 2 Deryk Engelland          Mark Borowiecki          45     0   4  1  

4 vs 4 Forward 
   Center                   Wing                     Time % Phy DF OF 
 1 Mark Scheifele           Nikita Kucherov          55     0   2  3  
 2 Logan Couture            David Perron             45     0   2  3  

4 vs 4 Defense
   Defense                  Defense                  Time % Phy DF OF 
 1 Charles McAvoy           Connor Murphy            55     1   2  2  
 2 Deryk Engelland          Mark Borowiecki          45     1   2  2  

Last Minutes Offensive
   Center                   Left Wing                Right Wing               Defense                  Defense                  
   Mark Scheifele           David Perron             Nikita Kucherov          Charles McAvoy           Rasmus Dahlin            

Last Minutes Defensive
   Center                   Left Wing                Right Wing               Defense                  Defense                  
   Mark Scheifele           Evander Kane             Ryan Hartman             Charles McAvoy           Connor Murphy            

Goaltenders
Starting : Connor Hellebuyck        
Backup : Louis Domingue           

Extra Forwards
Normal : Mark Scheifele, David Perron, Evander Kane - PP : Mark Scheifele, Marcus Foligno - PK : Ryan Hartman
Extra Defensemen
Normal : Connor Murphy, Charles McAvoy, Rasmus Dahlin - PP : Charles McAvoy - PK : Connor Murphy, Charles McAvoy
Penalty Shots
Mark Scheifele, David Perron, Evander Kane, Jean-Gabriel Pageau, Ilya Mikheyev
Custom OT Lines Forwards
Mark Scheifele, David Perron, Nikita Kucherov, Evander Kane, Jean-Gabriel Pageau, Ilya Mikheyev, Robert Fabbri, Drake Batherson, Marcus Foligno, Ryan Hartman
Custom OT Lines Defensemen
Charles McAvoy, Connor Murphy, Rasmus Dahlin, Mark Borowiecki, Vladislav Gavrikov

Scratches
Laurent Brossoit (Fractured Metatarsal (Right Foot) Injury)

% Time on Ice - SEATTLE GRUNGE

Lines # - Real PCT - Wanted PCT - Time Play
Normal Forward
1 - 33% - 37% - 16:34
2 - 33% - 37% - 16:14
3 - 21% - 21% - 10:19
4 - 13% - 5% - 6:40
Normal Defense
1 - 37% - 40% - 18:37
2 - 34% - 39% - 16:58
3 - 27% - 21% - 13:13
4 - 2% - 0% - 0:59
PP Forward
1 - 45% - 50% - 3:40
2 - 55% - 50% - 4:34
PP Defense
1 - 49% - 55% - 4:04
2 - 51% - 45% - 4:10
PK Forward
1 - 61% - 55% - 1:13
2 - 39% - 45% - 0:46
PK Defense
1 - 39% - 55% - 0:46
2 - 61% - 45% - 1:13
PK3 Forward
1 - 0% - 55%
2 - 0% - 45%
PK3 Defense
1 - 0% - 55%
2 - 0% - 45%
44 Forward
1 - 0% - 55%
2 - 0% - 45%
44 Defense
1 - 0% - 55%
2 - 0% - 45%
Last Minute Offensive  - 0:00
Last Minute Defensive  - 0:00
Total
Forward - 60:00
Defense - 60:00

% Time on Ice - SAN DIEGO THUNDER

Lines # - Real PCT - Wanted PCT - Time Play
Normal Forward
1 - 35% - 35% - 17:32
2 - 32% - 33% - 16:09
3 - 25% - 26% - 12:32
4 - 7% - 6% - 3:34
Normal Defense
1 - 32% - 36% - 15:51
2 - 35% - 31% - 17:39
3 - 23% - 18% - 11:31
4 - 10% - 15% - 4:46
PP Forward
1 - 45% - 55% - 0:53
2 - 55% - 45% - 1:06
PP Defense
1 - 51% - 55% - 1:01
2 - 49% - 45% - 0:58
PK Forward
1 - 55% - 55% - 4:30
2 - 45% - 45% - 3:44
PK Defense
1 - 45% - 55% - 3:41
2 - 55% - 45% - 4:33
PK3 Forward
1 - 0% - 55%
2 - 0% - 45%
PK3 Defense
1 - 0% - 55%
2 - 0% - 45%
44 Forward
1 - 0% - 55%
2 - 0% - 45%
44 Defense
1 - 0% - 55%
2 - 0% - 45%
Last Minute Offensive  - 0:00
Last Minute Defensive  - 0:00
Total
Forward - 60:00
Defense - 60:00

Play-by-Play

1st period


0:01 of 1st period - Mark Scheifele wins face-off versus Tyler Seguin in neutral zone.
0:01 of 1st period - Nikita Kucherov is hit by Jake Guentzel.
0:16 of 1st period - Shot by Nikita Kucherov.
0:16 of 1st period - Shot Misses the Net.
0:25 of 1st period - Icing by David Savard.
0:26 of 1st period - Logan Couture wins face-off versus Tyler Seguin in SEATTLE GRUNGE zone.
0:39 of 1st period - Shot by Jake Guentzel.
0:39 of 1st period - Shot Hit the Post.
0:41 of 1st period - Shot by Roman Josi.
0:41 of 1st period - Shot Misses the Net.
1:59 of 1st period - Matthew Grzelcyk is hit by David Perron and loses puck.
2:20 of 1st period - Slater Koekkoek is hit by Logan Couture and loses puck.
2:26 of 1st period - Icing by Matthew Grzelcyk.
2:27 of 1st period - Ryan Hartman wins face-off versus Jason Spezza in SEATTLE GRUNGE zone.
3:57 of 1st period - Shot by Josh Bailey.
3:57 of 1st period - Stopped by Connor Hellebuyck without a rebound.
3:58 of 1st period - Mark Scheifele wins face-off versus Tyler Seguin in SAN DIEGO THUNDER zone.
4:06 of 1st period - Deryk Engelland is hit by Mike Hoffman.
4:07 of 1st period - Off-side.
4:08 of 1st period - Tyler Seguin wins face-off versus Mark Scheifele in neutral zone.
4:34 of 1st period - Shot by Mark Scheifele.
4:34 of 1st period - Shot Misses the Net.
4:44 of 1st period - Icing by Roman Josi.
4:45 of 1st period - Tyler Seguin wins face-off versus Robert Fabbri in SEATTLE GRUNGE zone.
4:45 of 1st period - Tyler Seguin is hit by Marcus Foligno.
4:50 of 1st period - Icing by Roman Josi.
4:51 of 1st period - Tyler Seguin wins face-off versus Robert Fabbri in SEATTLE GRUNGE zone.
4:51 of 1st period - Tyler Seguin is hit by Marcus Foligno.
5:06 of 1st period - Minor Penalty to Charles McAvoy for Hooking.
5:07 of 1st period - Chris Tierney wins face-off versus Jean-Gabriel Pageau in SAN DIEGO THUNDER zone.
5:31 of 1st period - Shot by Carl Hagelin.
5:31 of 1st period - Stopped by Connor Hellebuyck without a rebound.
5:32 of 1st period - Tyler Seguin wins face-off versus Drake Batherson in SAN DIEGO THUNDER zone.
5:43 of 1st period - Shot by Jake Guentzel.
5:43 of 1st period - Deflect By Tyler Seguin.
5:43 of 1st period - Stopped by Connor Hellebuyck without a rebound.
5:44 of 1st period - Jean-Gabriel Pageau wins face-off versus Chris Tierney in SAN DIEGO THUNDER zone.
6:01 of 1st period - Shot by Chris Tierney.
6:01 of 1st period - Shot Misses the Net.
6:03 of 1st period - Shot by Carl Hagelin.
6:03 of 1st period - Shot Misses the Net.
6:05 of 1st period - Shot by Travis Sanheim.
6:05 of 1st period - Stopped by Connor Hellebuyck without a rebound.
6:06 of 1st period - Tyler Seguin wins face-off versus Drake Batherson in SAN DIEGO THUNDER zone.
7:09 of 1st period - Minor Penalty to Mark Borowiecki for Hooking.
7:10 of 1st period - Jean-Gabriel Pageau wins face-off versus Chris Tierney in SAN DIEGO THUNDER zone.
8:25 of 1st period - Shot by Roman Josi.
8:25 of 1st period - Stopped by Connor Hellebuyck without a rebound.
8:26 of 1st period - Tyler Seguin wins face-off versus Jean-Gabriel Pageau in SAN DIEGO THUNDER zone.
9:16 of 1st period - Icing by Vladislav Gavrikov.
9:17 of 1st period - Jason Spezza wins face-off versus Mark Scheifele in SAN DIEGO THUNDER zone.
9:49 of 1st period - Shot by Nikita Kucherov.
9:49 of 1st period - Stopped by Semyon Varlamov without a rebound.
9:50 of 1st period - Logan Couture wins face-off versus Chris Tierney in SEATTLE GRUNGE zone.
9:57 of 1st period - Shot by Ilya Mikheyev.
9:57 of 1st period - Shot Misses the Net.
10:27 of 1st period - Shot by David Perron.
10:27 of 1st period - Shot Misses the Net.
12:07 of 1st period - Minor Penalty to Deryk Engelland for Boarding.
12:08 of 1st period - Chris Tierney wins face-off versus Drake Batherson in SAN DIEGO THUNDER zone.
12:20 of 1st period - Icing by Josh Bailey.
12:21 of 1st period - Jean-Gabriel Pageau wins face-off versus Chris Tierney in SEATTLE GRUNGE zone.
12:42 of 1st period - Shot by Josh Bailey.
12:42 of 1st period - Stopped by Connor Hellebuyck with a rebound.
13:00 of 1st period - Charles McAvoy is hit by Carl Hagelin and loses puck.
14:14 of 1st period - Icing by Mark Borowiecki.
14:15 of 1st period - Jason Spezza wins face-off versus Mark Scheifele in SAN DIEGO THUNDER zone.
14:24 of 1st period - Vladislav Namestnikov is hit by Evander Kane and loses puck.
14:33 of 1st period - Shot by Mark Scheifele.
14:33 of 1st period - Shot Blocked by Slater Koekkoek.
14:35 of 1st period - Shot by Nikita Kucherov.
14:35 of 1st period - Shot Misses the Net.
15:05 of 1st period - Shot by David Perron.
15:05 of 1st period - Shot Misses the Net.
15:09 of 1st period - Shot by David Perron.
15:09 of 1st period - Stopped by Semyon Varlamov without a rebound.
15:10 of 1st period - Jean-Gabriel Pageau wins face-off versus Tyler Seguin in SEATTLE GRUNGE zone.
15:32 of 1st period - Jake Guentzel is hit by Charles McAvoy and loses puck.
15:38 of 1st period - Jake Guentzel is hit by Connor Murphy and loses puck.
15:52 of 1st period - Marcus Foligno is hit by Damon Severson.
16:09 of 1st period - Icing by Charles McAvoy.
16:10 of 1st period - Chris Tierney wins face-off versus Ryan Hartman in SAN DIEGO THUNDER zone.
16:56 of 1st period - Chris Tierney is hit by Connor Murphy and loses puck.
17:35 of 1st period - Matthew Grzelcyk is hit by Evander Kane.
17:39 of 1st period - Shot by Nikita Kucherov.
17:39 of 1st period - Goal by Nikita Kucherov - SEATTLE GRUNGE : 0 - SAN DIEGO THUNDER : 1.
17:40 of 1st period - Ilya Mikheyev wins face-off versus Tyler Seguin in neutral zone.
18:01 of 1st period - Shot by David Perron.
18:01 of 1st period - Stopped by Semyon Varlamov without a rebound.
18:02 of 1st period - Morgan Geekie wins face-off versus Mark Scheifele in SEATTLE GRUNGE zone.
18:06 of 1st period - Roman Josi is hit by Evander Kane and loses puck.
18:18 of 1st period - Minor Penalty to Mark Borowiecki for Roughing.
18:19 of 1st period - Tyler Seguin wins face-off versus Drake Batherson in SAN DIEGO THUNDER zone.
18:20 of 1st period - Shot by Roman Josi.
18:20 of 1st period - Shot Misses the Net.
18:36 of 1st period - Shot by Jake Guentzel.
18:36 of 1st period - Goal by Jake Guentzel - SEATTLE GRUNGE : 1 - SAN DIEGO THUNDER : 1.
18:37 of 1st period - Mark Scheifele wins face-off versus Chris Tierney in neutral zone.
18:52 of 1st period - Shot by Mark Scheifele.
18:52 of 1st period - Shot Misses the Net.
19:12 of 1st period - Shot by Evander Kane.
19:12 of 1st period - Shot Blocked by Damon Severson.
19:14 of 1st period - Shot by Evander Kane.
19:14 of 1st period - Stopped by Semyon Varlamov with a rebound.
19:35 of 1st period - Icing by Deryk Engelland.
19:36 of 1st period - Logan Couture wins face-off versus Tyler Seguin in SAN DIEGO THUNDER zone.
19:59 of 1st period - Shot by Tyler Seguin.
19:59 of 1st period - Shot Misses the Net.
Goals for this period are 1 for SEATTLE GRUNGE vs 1 for SAN DIEGO THUNDER.
Shots for this period are 7 for SEATTLE GRUNGE vs 5 for SAN DIEGO THUNDER.

2nd period


0:01 of 2nd period - Mark Scheifele wins face-off versus Chris Tierney in neutral zone.
0:06 of 2nd period - Shot by Nikita Kucherov.
0:06 of 2nd period - Deflect By Evander Kane.
0:06 of 2nd period - Stopped by Semyon Varlamov without a rebound.
0:07 of 2nd period - Chris Tierney wins face-off versus Mark Scheifele in SEATTLE GRUNGE zone.
0:07 of 2nd period - Chris Tierney is hit by Evander Kane.
1:26 of 2nd period - Tyler Seguin is hit by Connor Murphy.
1:47 of 2nd period - Shot by Jake Guentzel.
1:47 of 2nd period - Stopped by Connor Hellebuyck without a rebound.
1:48 of 2nd period - Jason Spezza wins face-off versus Logan Couture in SAN DIEGO THUNDER zone.
1:56 of 2nd period - Jason Spezza is hit by Mark Borowiecki.
1:58 of 2nd period - Shot by Vladislav Namestnikov.
1:58 of 2nd period - Stopped by Connor Hellebuyck without a rebound.
1:59 of 2nd period - Jean-Gabriel Pageau wins face-off versus Morgan Geekie in SAN DIEGO THUNDER zone.
2:06 of 2nd period - Shot by Ryan Hartman.
2:06 of 2nd period - Shot Blocked by Roman Josi.
2:10 of 2nd period - Shot by Ryan Hartman.
2:10 of 2nd period - Shot Misses the Net.
2:12 of 2nd period - Shot by Marcus Foligno.
2:12 of 2nd period - Shot Misses the Net.
3:46 of 2nd period - Shot by Marcus Foligno.
3:46 of 2nd period - Stopped by Semyon Varlamov with a rebound.
3:48 of 2nd period - Shot by Charles McAvoy.
3:48 of 2nd period - Shot Misses the Net.
4:17 of 2nd period - David Savard is hit by Evander Kane and loses puck.
4:42 of 2nd period - Shot by Nikita Kucherov.
4:42 of 2nd period - Shot Misses the Net.
4:44 of 2nd period - Shot by Evander Kane.
4:44 of 2nd period - Stopped by Semyon Varlamov with a rebound.
5:16 of 2nd period - Shot by Logan Couture.
5:16 of 2nd period - Stopped by Semyon Varlamov without a rebound.
5:17 of 2nd period - Tyler Seguin wins face-off versus Jean-Gabriel Pageau in SEATTLE GRUNGE zone.
5:17 of 2nd period - Tyler Seguin is hit by Marcus Foligno.
6:15 of 2nd period - Shot by David Perron.
6:15 of 2nd period - Deflect By Logan Couture.
6:15 of 2nd period - Shot Misses the Net.
7:00 of 2nd period - Icing by Carl Hagelin.
7:01 of 2nd period - Mark Scheifele wins face-off versus Chris Tierney in SEATTLE GRUNGE zone.
7:01 of 2nd period - Nikita Kucherov is hit by Slater Koekkoek and loses puck.
7:04 of 2nd period - Shot by Evander Kane.
7:04 of 2nd period - Stopped by Semyon Varlamov with a rebound.
7:06 of 2nd period - Shot by Nikita Kucherov.
7:06 of 2nd period - Shot Misses the Net.
8:12 of 2nd period - Shot by Jason Spezza.
8:12 of 2nd period - Stopped by Connor Hellebuyck without a rebound.
8:13 of 2nd period - Tyler Seguin wins face-off versus Logan Couture in SAN DIEGO THUNDER zone.
8:34 of 2nd period - Shot by David Perron.
8:34 of 2nd period - Stopped by Semyon Varlamov with a rebound.
9:26 of 2nd period - Shot by Nikita Kucherov.
9:26 of 2nd period - Stopped by Semyon Varlamov without a rebound.
9:27 of 2nd period - Tyler Seguin wins face-off versus Ryan Hartman in SEATTLE GRUNGE zone.
9:54 of 2nd period - Shot by Tyler Seguin.
9:54 of 2nd period - Shot Misses the Net.
10:08 of 2nd period - Icing by Mike Hoffman.
10:09 of 2nd period - Nikita Kucherov wins face-off versus Tyler Seguin in SEATTLE GRUNGE zone.
10:33 of 2nd period - Shot by Evander Kane.
10:33 of 2nd period - Stopped by Semyon Varlamov without a rebound.
10:34 of 2nd period - Logan Couture wins face-off versus Vladislav Namestnikov in SEATTLE GRUNGE zone.
10:41 of 2nd period - Shot by Logan Couture.
10:41 of 2nd period - Stopped by Semyon Varlamov without a rebound.
10:42 of 2nd period - Chris Tierney wins face-off versus Logan Couture in SEATTLE GRUNGE zone.
10:46 of 2nd period - Damon Severson is hit by David Perron and loses puck.
10:57 of 2nd period - Shot by Logan Couture.
10:57 of 2nd period - Shot Misses the Net.
11:05 of 2nd period - Shot by David Perron.
11:05 of 2nd period - Shot Blocked by Travis Sanheim.
11:43 of 2nd period - Mark Borowiecki is hit by Chris Tierney and loses puck.
12:08 of 2nd period - Shot by Evander Kane.
12:08 of 2nd period - Shot Misses the Net.
12:18 of 2nd period - Shot by Wayne Simmonds.
12:18 of 2nd period - Shot Misses the Net.
12:52 of 2nd period - Icing by Roman Josi.
12:53 of 2nd period - Jason Spezza wins face-off versus Logan Couture in SEATTLE GRUNGE zone.
13:51 of 2nd period - Shot by Jean-Gabriel Pageau.
13:51 of 2nd period - Stopped by Semyon Varlamov with a rebound.
14:05 of 2nd period - Icing by Jake Guentzel.
14:06 of 2nd period - Mark Scheifele wins face-off versus Mike Hoffman in SEATTLE GRUNGE zone.
14:17 of 2nd period - Shot by Nikita Kucherov.
14:17 of 2nd period - Stopped by Semyon Varlamov without a rebound.
14:18 of 2nd period - Chris Tierney wins face-off versus Robert Fabbri in SEATTLE GRUNGE zone.
14:31 of 2nd period - Shot by Chris Tierney.
14:31 of 2nd period - Shot Misses the Net.
14:33 of 2nd period - Shot by Carl Hagelin.
14:33 of 2nd period - Shot Misses the Net.
14:35 of 2nd period - Shot by Carl Hagelin.
14:35 of 2nd period - Shot Misses the Net.
14:37 of 2nd period - Shot by Carl Hagelin.
14:37 of 2nd period - Shot Misses the Net.
15:29 of 2nd period - Shot by Evander Kane.
15:29 of 2nd period - Shot Hit the Post.
15:31 of 2nd period - Shot by Connor Murphy.
15:31 of 2nd period - Stopped by Semyon Varlamov without a rebound.
15:32 of 2nd period - Logan Couture wins face-off versus Tyler Seguin in SEATTLE GRUNGE zone.
15:47 of 2nd period - Jake Guentzel is hit by Mark Borowiecki.
16:09 of 2nd period - Shot by Logan Couture.
16:09 of 2nd period - Stopped by Semyon Varlamov without a rebound.
16:10 of 2nd period - Mark Scheifele wins face-off versus Morgan Geekie in SEATTLE GRUNGE zone.
16:10 of 2nd period - Mark Scheifele is hit by Travis Sanheim.
17:08 of 2nd period - Icing by Nikita Kucherov.
17:09 of 2nd period - Mark Scheifele wins face-off versus Chris Tierney in SAN DIEGO THUNDER zone.
17:14 of 2nd period - David Savard is hit by Evander Kane and loses puck.
17:37 of 2nd period - Off-side.
17:38 of 2nd period - Tyler Seguin wins face-off versus Jean-Gabriel Pageau in neutral zone.
18:45 of 2nd period - Deryk Engelland is hit by Josh Bailey.
19:03 of 2nd period - Shot by David Perron.
19:03 of 2nd period - Shot Misses the Net.
19:05 of 2nd period - Shot by Ilya Mikheyev.
19:05 of 2nd period - Shot Misses the Net.
19:12 of 2nd period - Icing by Travis Sanheim.
19:13 of 2nd period - Mark Scheifele wins face-off versus Chris Tierney in SEATTLE GRUNGE zone.
19:39 of 2nd period - Icing by Travis Sanheim.
19:40 of 2nd period - Robert Fabbri wins face-off versus Chris Tierney in SEATTLE GRUNGE zone.
Goals for this period are 0 for SEATTLE GRUNGE vs 0 for SAN DIEGO THUNDER.
Shots for this period are 3 for SEATTLE GRUNGE vs 13 for SAN DIEGO THUNDER.

3rd period


0:01 of 3rd period - Jean-Gabriel Pageau wins face-off versus Josh Bailey in neutral zone.
0:20 of 3rd period - Shot by Jean-Gabriel Pageau.
0:20 of 3rd period - Shot Blocked by Roman Josi.
0:22 of 3rd period - Shot by Charles McAvoy.
0:22 of 3rd period - Stopped by Semyon Varlamov with a rebound.
1:15 of 3rd period - Shot by Logan Couture.
1:15 of 3rd period - Stopped by Semyon Varlamov with a rebound.
1:21 of 3rd period - Shot by Ilya Mikheyev.
1:21 of 3rd period - Stopped by Semyon Varlamov with a rebound.
1:33 of 3rd period - Shot by David Perron.
1:33 of 3rd period - Shot Misses the Net.
1:59 of 3rd period - Shot by Jake Guentzel.
1:59 of 3rd period - Deflect By Tyler Seguin.
1:59 of 3rd period - Stopped by Connor Hellebuyck with a rebound.
2:01 of 3rd period - Shot by Jake Guentzel.
2:01 of 3rd period - Shot Misses the Net.
2:03 of 3rd period - Shot by Jake Guentzel.
2:03 of 3rd period - Shot Misses the Net.
2:07 of 3rd period - Shot by Jake Guentzel.
2:07 of 3rd period - Deflect By Mike Hoffman.
2:07 of 3rd period - Stopped by Connor Hellebuyck without a rebound.
2:08 of 3rd period - Jason Spezza wins face-off versus Drake Batherson in SAN DIEGO THUNDER zone.
2:16 of 3rd period - Off-side.
2:17 of 3rd period - Tyler Seguin wins face-off versus Jean-Gabriel Pageau in neutral zone.
2:28 of 3rd period - Shot by Tyler Seguin.
2:28 of 3rd period - Stopped by Connor Hellebuyck without a rebound.
2:29 of 3rd period - Mark Scheifele wins face-off versus Jason Spezza in SAN DIEGO THUNDER zone.
4:11 of 3rd period - Shot by Trevor Lewis.
4:11 of 3rd period - Stopped by Connor Hellebuyck without a rebound.
4:12 of 3rd period - Jean-Gabriel Pageau wins face-off versus Morgan Geekie in SAN DIEGO THUNDER zone.
4:16 of 3rd period - Off-side.
4:17 of 3rd period - Chris Tierney wins face-off versus Jean-Gabriel Pageau in neutral zone.
5:49 of 3rd period - Shot by Mark Scheifele.
5:49 of 3rd period - Shot Misses the Net.
5:51 of 3rd period - Shot by Nikita Kucherov.
5:51 of 3rd period - Stopped by Semyon Varlamov without a rebound.
5:52 of 3rd period - Logan Couture wins face-off versus Tyler Seguin in SEATTLE GRUNGE zone.
6:11 of 3rd period - Shot by David Perron.
6:11 of 3rd period - Stopped by Semyon Varlamov without a rebound.
6:12 of 3rd period - Robert Fabbri wins face-off versus Jason Spezza in SEATTLE GRUNGE zone.
6:21 of 3rd period - Shot by Robert Fabbri.
6:21 of 3rd period - Stopped by Semyon Varlamov without a rebound.
6:22 of 3rd period - Tyler Seguin wins face-off versus Logan Couture in SEATTLE GRUNGE zone.
6:39 of 3rd period - Shot by Jake Guentzel.
6:39 of 3rd period - Shot Misses the Net.
8:09 of 3rd period - Minor Penalty to Connor Murphy for Tripping.
8:10 of 3rd period - Drake Batherson wins face-off versus Chris Tierney in SAN DIEGO THUNDER zone.
8:45 of 3rd period - Shot by Josh Bailey.
8:45 of 3rd period - Stopped by Connor Hellebuyck without a rebound.
8:46 of 3rd period - Jean-Gabriel Pageau wins face-off versus Carl Hagelin in SAN DIEGO THUNDER zone.
9:11 of 3rd period - Icing by Chris Tierney.
9:12 of 3rd period - Chris Tierney wins face-off versus Drake Batherson in SEATTLE GRUNGE zone.
10:22 of 3rd period - Ilya Mikheyev is hit by Slater Koekkoek and loses puck.
11:01 of 3rd period - Icing by Matthew Grzelcyk.
11:02 of 3rd period - Jason Spezza wins face-off versus Evander Kane in SEATTLE GRUNGE zone.
11:22 of 3rd period - Mark Scheifele is hit by Matthew Grzelcyk and loses puck.
11:25 of 3rd period - Shot by Nikita Kucherov.
11:25 of 3rd period - Shot Misses the Net.
11:27 of 3rd period - Shot by Mark Scheifele.
11:27 of 3rd period - Shot Misses the Net.
11:29 of 3rd period - Shot by Evander Kane.
11:29 of 3rd period - Stopped by Semyon Varlamov with a rebound.
11:52 of 3rd period - Icing by Vladislav Namestnikov.
11:53 of 3rd period - Logan Couture wins face-off versus Jason Spezza in SEATTLE GRUNGE zone.
12:06 of 3rd period - Shot by Logan Couture.
12:06 of 3rd period - Shot Misses the Net.
12:08 of 3rd period - Shot by Vladislav Gavrikov.
12:08 of 3rd period - Stopped by Semyon Varlamov without a rebound.
12:09 of 3rd period - Chris Tierney wins face-off versus Jean-Gabriel Pageau in SEATTLE GRUNGE zone.
12:57 of 3rd period - Off-side.
12:58 of 3rd period - Mark Scheifele wins face-off versus Tyler Seguin in neutral zone.
13:15 of 3rd period - Shot by Nikita Kucherov.
13:15 of 3rd period - Stopped by Semyon Varlamov without a rebound.
13:16 of 3rd period - Morgan Geekie wins face-off versus Logan Couture in SEATTLE GRUNGE zone.
13:28 of 3rd period - Off-side.
13:29 of 3rd period - Mark Scheifele wins face-off versus Tyler Seguin in neutral zone.
13:38 of 3rd period - Shot by Mark Scheifele.
13:38 of 3rd period - Shot Misses the Net.
13:44 of 3rd period - Shot by Mark Scheifele.
13:44 of 3rd period - Deflect By Nikita Kucherov.
13:44 of 3rd period - Stopped by Semyon Varlamov with a rebound.
13:50 of 3rd period - Shot by Jake Guentzel.
13:50 of 3rd period - Shot Misses the Net.
13:56 of 3rd period - Shot by Jake Guentzel.
13:56 of 3rd period - Stopped by Connor Hellebuyck with a rebound.
13:58 of 3rd period - Shot by Jake Guentzel.
13:58 of 3rd period - Shot Blocked by Evander Kane.
14:50 of 3rd period - Shot by Carl Hagelin.
14:50 of 3rd period - Shot Blocked by Connor Murphy.
14:54 of 3rd period - Shot by Roman Josi.
14:54 of 3rd period - Shot Blocked by Connor Murphy.
15:11 of 3rd period - Minor Penalty to Marcus Sorensen for Interference.
15:12 of 3rd period - Jean-Gabriel Pageau wins face-off versus Morgan Geekie in SEATTLE GRUNGE zone.
15:17 of 3rd period - Shot by Ilya Mikheyev.
15:17 of 3rd period - Shot Misses the Net.
15:19 of 3rd period - Shot by David Perron.
15:19 of 3rd period - Deflect By Jean-Gabriel Pageau.
15:19 of 3rd period - Stopped by Semyon Varlamov without a rebound.
15:20 of 3rd period - Jean-Gabriel Pageau wins face-off versus Morgan Geekie in SEATTLE GRUNGE zone.
15:27 of 3rd period - Shot by Jean-Gabriel Pageau.
15:27 of 3rd period - Stopped by Semyon Varlamov without a rebound.
15:28 of 3rd period - Jason Spezza wins face-off versus Mark Scheifele in SEATTLE GRUNGE zone.
15:54 of 3rd period - Shot by Nikita Kucherov.
15:54 of 3rd period - Stopped by Semyon Varlamov without a rebound.
15:55 of 3rd period - Jean-Gabriel Pageau wins face-off versus Jason Spezza in SEATTLE GRUNGE zone.
16:50 of 3rd period - Shot by Evander Kane.
16:50 of 3rd period - Shot Misses the Net.
16:52 of 3rd period - Shot by Connor Murphy.
16:52 of 3rd period - Stopped by Semyon Varlamov without a rebound.
16:53 of 3rd period - Morgan Geekie wins face-off versus Mark Scheifele in SEATTLE GRUNGE zone.
16:53 of 3rd period - Morgan Geekie is hit by Evander Kane.
18:36 of 3rd period - Shot by Mark Scheifele.
18:36 of 3rd period - Stopped by Semyon Varlamov with a rebound.
18:45 of 3rd period - Evander Kane is hit by Roman Josi and loses puck.
18:50 of 3rd period - Shot by Mark Scheifele.
18:50 of 3rd period - Stopped by Semyon Varlamov without a rebound.
18:51 of 3rd period - Chris Tierney wins face-off versus Logan Couture in SEATTLE GRUNGE zone.
18:51 of 3rd period - Chris Tierney is hit by David Perron.
19:09 of 3rd period - Shot by Logan Couture.
19:09 of 3rd period - Shot Hit the Post.
19:11 of 3rd period - Shot by Ilya Mikheyev.
19:11 of 3rd period - Stopped by Semyon Varlamov without a rebound.
19:12 of 3rd period - Morgan Geekie wins face-off versus Jean-Gabriel Pageau in SEATTLE GRUNGE zone.
19:12 of 3rd period - Morgan Geekie is hit by Marcus Foligno.
Goals for this period are 0 for SEATTLE GRUNGE vs 0 for SAN DIEGO THUNDER.
Shots for this period are 6 for SEATTLE GRUNGE vs 17 for SAN DIEGO THUNDER.

Overtime #1


0:01 of 1st overtime period - Mark Scheifele wins face-off versus Jake Guentzel in neutral zone.
0:06 of 1st overtime period - Shot by Mark Scheifele.
0:06 of 1st overtime period - Stopped by Semyon Varlamov without a rebound.
0:07 of 1st overtime period - Mark Scheifele wins face-off versus Jake Guentzel in SEATTLE GRUNGE zone.
0:12 of 1st overtime period - Shot by David Perron.
0:12 of 1st overtime period - Stopped by Semyon Varlamov without a rebound.
0:13 of 1st overtime period - Mark Scheifele wins face-off versus Jake Guentzel in SEATTLE GRUNGE zone.
0:14 of 1st overtime period - Shot by David Perron.
0:14 of 1st overtime period - Deflect By Mark Scheifele.
0:14 of 1st overtime period - Shot Misses the Net.
0:32 of 1st overtime period - Shot by Jake Guentzel.
0:32 of 1st overtime period - Shot Misses the Net.
1:09 of 1st overtime period - Icing by Mark Scheifele.
1:10 of 1st overtime period - Mark Scheifele wins face-off versus Tyler Seguin in SAN DIEGO THUNDER zone.
1:31 of 1st overtime period - Shot by Tyler Seguin.
1:31 of 1st overtime period - Stopped by Connor Hellebuyck without a rebound.
1:32 of 1st overtime period - Jake Guentzel wins face-off versus Evander Kane in SAN DIEGO THUNDER zone.
1:59 of 1st overtime period - Shot by Mike Hoffman.
1:59 of 1st overtime period - Stopped by Connor Hellebuyck without a rebound.
2:00 of 1st overtime period - Mark Scheifele wins face-off versus Tyler Seguin in SAN DIEGO THUNDER zone.
2:10 of 1st overtime period - Off-side.
2:11 of 1st overtime period - Jake Guentzel wins face-off versus Mark Scheifele in neutral zone.
2:14 of 1st overtime period - Shot by Roman Josi.
2:14 of 1st overtime period - Goal by Roman Josi - SEATTLE GRUNGE : 2 - SAN DIEGO THUNDER : 1.
Goals for this period are 1 for SEATTLE GRUNGE vs 0 for SAN DIEGO THUNDER.
Shots for this period are 3 for SEATTLE GRUNGE vs 2 for SAN DIEGO THUNDER.


SCOTT
LAUGHTON
IGOR
SHESTERKIN
ALEX
TUCH

EAST COAST

HOCKEY LEAGUE

  • 9.CHI2QUE6
  • 10.LIM2CHA3
  • 11.LON6TRV4
  • 12.BAL3CHW2
  • 13.MANPIT
  • 14.NHWATL
  • 15.PETWOR
  • 16.RHI